 Dungeon Crawl Stone Soup version 0.30.0-17-ge0270778cf (webtiles) character file.

Game seed: 14925705557012550552

357 gelatine the Shooter (level 6, -3/47 HPs)
             Began as a Demonspawn Hunter on May 21, 2023.
             Killed by nerve-wracking pain
             ... invoked by Jessica
              (9 damage)
             ... on level 3 of the Dungeon.
             The game lasted 00:05:41 (2008 turns).

gelatine the Shooter (Demonspawn Hunter)            Turns: 2008, Time: 00:05:42

Health: -3/47      AC:  3    Str: 12    XL:     6   Next: 36%
Magic:  6/6        EV: 12    Int: 10    God:
Gold:   143        SH:  0    Dex: 18    Spells: 5/5 levels left

rFire   . . .        b - +9 dagger of Kiwkiret {heavy, Stlth+}
rCold   + . .        (no shield)
rNeg    . . .        c - +0 leather armour
rPois   .            (no helmet)
rElec   .            (no cloak)
rCorr   .            (no gloves)
SInv    .            (no boots)
Will    .....        (no amulet)
Stlth   +++          g - ring of protection from cold
HPRegen 0.27/turn    (no ring)
MPRegen 0.10/turn

%: no passive effects
@: flying
A: claws 1, hooves 1, powered by death 1, weakness stinger 1
a: no special abilities


You were on level 3 of the Dungeon.
You visited 1 branch of the dungeon, and saw 3 of its levels.

You collected 143 gold pieces.

Inventory:

Hand Weapons
 a - a +0 shortbow
 b - the +9 dagger of Kiwkiret (weapon) {heavy, Stlth+}
   (You found it on level 2 of the Dungeon)

   Stlth:     It makes you more stealthy.
Armour
 c - a +0 leather armour (worn)
Jewellery
 g - a ring of protection from cold (left claw)
 j - a ring of magical power
Wands
 n - a wand of roots (10)
Scrolls
 e - a scroll of teleportation {unknown}
 f - a scroll of poison {unknown}
 i - a scroll of brand weapon {unknown}
 l - a scroll of immolation
 m - a scroll of fear {unknown}


   Skills:
 * Level 3.0 Fighting
 * Level 1.5 Short Blades
 + Level 5.1 Ranged Weapons
 * Level 2.0 Armour
 * Level 2.6 Dodging
 * Level 2.2 Stealth


You had 5 spell levels left.
You didn't know any spells.
Your spell library was empty.

Dungeon Overview and Level Annotations

Branches:
Dungeon (3/15)

Altars:

Annotations:
D:3 Jessica


Innate Abilities, Weirdness & Mutations

You have sharp fingernails.
You have large cloven feet.
You regenerate a little health from kills.
You have a small tail.


Message History

You kill the gnoll!
You hear a zap.
Some rock shatters into small pieces.
Found 3 gold pieces.
The gnoll shouts!
You puncture the gnoll!
You kill the gnoll!
The gnoll hits you from afar with a +0 halberd.
The gnoll barely misses you. Pain shoots through your body!
You hit the gnoll.
The gnoll is heavily wounded.
The gnoll hits you with a +0 halberd.
* * * LOW HITPOINT WARNING * * *
Something hits you but does no damage. The gnoll hits you with a +0 halberd.
* * * LOW HITPOINT WARNING * * *
You hit the gnoll. You kick the gnoll, but do no damage.
The gnoll is almost dead.
The gnoll closely misses you. Something barely misses you.
You hit the gnoll.
You kill the gnoll!
Something hits you but does no damage.
Your Armour skill increases to level 2!
You closely miss something. You kick something.
You hear some strange, mumbled words.
Pain shoots through your body!
* * * LOW HITPOINT WARNING * * *
Something hits you.
* * * LOW HITPOINT WARNING * * *
You are confused.
You feel invigorated.
You hear some strange, mumbled words.
It was a potion of flight.
You feel very buoyant.
You fly up into the air.
Something hits you!
* * * LOW HITPOINT WARNING * * *
You feel less invigorated.
You feel less confused.
You hear some strange, mumbled words.
Pain shoots through your body!
You die...

...#########
........)?.#
.........{.###
....###..@...#
... #......# $
#......####
#.>.......#
#.........#
#)........#
#......<..#
...........#
............#


There were no monsters in sight!

Vanquished Creatures
  Sigmund (D:2)
  Natasha (thrice) (D:2)
  3 adders
  4 gnolls (D:3)
  A worm (D:2)
  A dart slug (D:2)
  An orc (D:2)
  4 endoplasms
  4 hobgoblins (D:1)
  2 jackals (D:1)
  4 quokkas
  5 ball pythons
  3 bats
  4 frilled lizards
  3 goblins
  4 kobolds
  5 rats
52 creatures vanquished.

Notes
Turn   | Place    | Note
-------+----------+-------------------------------------------
     0 | D:1      | gelatine the Demonspawn Hunter began the quest for the Orb.
     0 | D:1      | Reached XP level 1. HP: 16/16 MP: 1/1
   176 | D:1      | Reached skill level 4 in Ranged Weapons
   212 | D:1      | Gained mutation: You regenerate a little health from kills.
                  | [demonic ancestry]
   212 | D:1      | Reached XP level 2. HP: 22/22 MP: 2/2
   799 | D:2      | Reached XP level 3. HP: 27/27 MP: 3/3
   918 | D:2      | Reached skill level 1 in Stealth
  1025 | D:2      | Identified the +9 dagger of Kiwkiret {heavy, Stlth+}
  1032 | D:2      | Noticed Natasha
  1039 | D:2      | Killed Natasha
  1040 | D:2      | Discovered your monstrous ancestry.
  1040 | D:2      | Gained mutation: You have a small tail. [demonic ancestry]
  1040 | D:2      | Reached XP level 4. HP: 34/34 MP: 4/4
  1126 | D:2      | Noticed Natasha
  1132 | D:2      | Killed Natasha
  1223 | D:2      | Noticed Sigmund
  1241 | D:2      | Killed Sigmund
  1242 | D:2      | Reached skill level 1 in Short Blades
  1242 | D:2      | Reached skill level 5 in Ranged Weapons
  1242 | D:2      | Reached skill level 1 in Armour
  1242 | D:2      | Gained mutation: You have sharp fingernails. [demonic
                  | ancestry]
  1242 | D:2      | Reached XP level 5. HP: 12/40 MP: 5/5
  1242 | D:2      | Gained mutation: You have large cloven feet. [demonic
                  | ancestry]
  1242 | D:2      | Reached XP level 6. HP: 13/46 MP: 6/6
  1405 | D:2      | Noticed Natasha
  1567 | D:2      | Killed Natasha
  1983 | D:3      | Noticed Jessica
  2005 | D:3      | HP: 1/47 [something (3)]
  2008 | D:3      | Killed from afar by Jessica

Illustrated notes

Levels and vault maps discovered:
D:1:      wander_arrival_estate, layout_basic, bh_walls_and_bars
D:2:      layout_loops_ring, serial_co_window_serial,
          co_window_of_opportunity_a, co_window_corner_a,
          co_window_of_opportunity_a, co_window_paths_b, co_window_paths_a,
          co_window_broadway_c, co_window_corner_ca, co_window_corner_ca,
          co_window_corner_b, co_window_corner_cb, co_window_of_opportunity_c,
          glass_columns_a, glass_columns_a, uniq_natasha, uniq_sigmund
D:3:      layout_basic, st_stairs_8, uniq_jessica

Skill      XL: |  1  2  3  4  5  6 |
---------------+-------------------+-----
Ranged Weapons | 4 5 |  5.1
Dodging        | 2 |  2.6
Stealth        | 1 2 |  2.2
Short Blades   | 1 |  1.5
Armour         | 1 2 |  2.0
Fighting       | 3 |  3.0

Action                     |  1- 3 |  4- 6 || total
---------------------------+-------+-------++-------
  Melee: Dagger            |     1 |    38 ||    39
         Tailslap          |       |     2 ||     2
         Kick              |       |     5 ||     5
   Fire: Shortbow          |    66 |    12 ||    78
    Use: Potion            |       |     4 ||     4
   Stab: Sleeping          |     1 |     5 ||     6
         Distracted        |       |     1 ||     1
 Armour: Leather armour    |     8 |     7 ||    15
  Dodge: Dodged            |    21 |    18 ||    39
